 Dungeon Crawl Stone Soup version 0.21.1-1-g345015fe64 (webtiles) character file.

93 DildoBatman the Sneak (level 4, -1/35 HPs)
             Began as a Formicid Enchanter on Mar 27, 2018.
             Slain by an orc wizard
             ... wielding a +0 dagger
              (4 damage)
             ... on level 3 of the Dungeon.
             The game lasted 00:06:37 (3097 turns).

DildoBatman the Sneak (Formicid Enchanter)          Turns: 3097, Time: 00:06:37

Health: -1/35      AC: 12    Str: 13    XL:     4   Next: 92%
Magic:  7/7        EV: 11    Int: 15    God:
Gold:   97         SH:  0    Dex: 11    Spells: 3/7 levels left

rFire    . . .     SeeInvis +   q - +1 short sword (protect)
rCold    . . .     Gourm    .   (no shield)
rNeg     . . .     Faith    .   g - +0 ring mail
rPois    .         Spirit   .   (helmet unavailable)
rElec    .         Reflect  .   (no cloak)
rCorr    .         Harm     .   (no gloves)
MR       +....                  (no boots)
Stlth    ++........             (no amulet)
HPRegen  0.11/turn              o - ring of protection from magic
MPRegen  0.10/turn              (no ring)

@: protection aura, very slightly contaminated
A: permanent stasis, dig shafts and tunnels, four strong arms, antennae 3
a: Dig, Shaft Self


You were on level 3 of the Dungeon.
You were not hungry.

You visited 1 branch of the dungeon, and saw 4 of its levels.

You collected 97 gold pieces.

Inventory:

Hand Weapons
 a - a cursed -2 dagger
 q - a +1 short sword of protection (weapon)
Missiles
 b - 4 tomahawks of returning
 e - 151 stones (quivered)
 h - 66 arrows
Armour
 g - a +0 ring mail (worn)
Jewellery
 o - a ring of protection from magic (left hand)
Scrolls
 f - a scroll of random uselessness {unknown}
 i - 3 scrolls of remove curse {unknown}
 j - a scroll of fear {unknown}
 m - 3 scrolls of teleportation {unknown}
 n - 2 scrolls of identify {unknown}
Potions
 d - a potion of curing {unknown}
 k - 2 potions of berserk rage {unknown}
 p - a potion of degeneration {unknown}
Books
 c - a book of Maledictions

   Spells                             Type                      Level
   a - Corona                         Hexes                        1
   b - Ensorcelled Hibernation        Hexes/Ice                    2
   c - Confuse                        Hexes                        3
   d - Tukima's Dance                 Hexes                        3
   e - Dazzling Spray                 Conjuration/Hexes            3
Comestibles
 l - a chunk of flesh
 v - 5 rations


   Skills:
 - Level 3.0 Fighting
 - Level 1.0 Short Blades
 * Level 2.3 Armour
 - Level 2.0 Dodging
 - Level 4.1 Stealth
 - Level 2.1 Spellcasting
 - Level 3.6 Hexes


You had 3 spell levels left.
You knew the following spells:

 Your Spells              Type           Power        Failure   Level  Hunger
a - Corona                Hex            ##.....      11%         1    #......
b - Confuse               Hex            ##......     30%         3    ###....


Dungeon Overview and Level Annotations

Branches:
Dungeon (4/15)
 Temple: D:4-7

Altars:

Annotations:
D:2 Ijyb
D:3 1 exclusion, Jessica


Innate Abilities, Weirdness & Mutations

You cannot be hasted, slowed, berserked, paralysed or teleported.
You can dig through walls and to a lower floor.
Your four strong arms can wield two-handed weapons with a shield.
You have a pair of large antennae on your head. (SInv)


Message History

The orc wizard hits you but does no damage.
The orc wizard hits you with a dagger.
You miss the orc wizard.
The orc wizard is moderately wounded.
The orc wizard casts a spell.
The orc wizard blinks!
You hit the orc wizard.
Your weapon exudes an aura of protection.
The orc wizard is moderately wounded.
The orc wizard hits you but does no damage.
The orc wizard casts a spell at you. The magic dart hits you!
You hit the orc wizard but do no damage.
The orc wizard is moderately wounded.
The orc wizard hits you with a dagger.
Your ring mail prevents you from hitting the orc wizard.
The orc wizard is moderately wounded.
The orc wizard hits you but does no damage.
The orc wizard hits you with a dagger.
You die...

### ############ #.###########
....÷......# #....{.......
#########.## #.#####{..... #.#
#§# #.##### #.######## #.# #.#
#...o..#@# #.# #.##### #####
#####.#o## #.# #{{{{.# #...#
#.### #.# #####{# #...#
#.#######.# #.#
#...########.{{.....{#########.#
#...............................
#>...........................#.#
####################........#.#.#
................# #.....)..#.#.#


You could see an orc wizard.

Vanquished Creatures
  A hound zombie (D:3)
  3 adders
  2 worms (D:2)
  A dart slug (D:1)
  An orc (D:3)
  A giant cockroach (D:1)
  4 goblins
  11 hobgoblins
  A ball python (D:2)
  8 bats
  2 frilled lizards
  7 kobolds
  5 rats
47 creatures vanquished.

Notes
Turn   | Place    | Note
-------+----------+-------------------------------------------
     0 | D:1      | DildoBatman the Formicid Enchanter began the quest for the Orb.
     0 | D:1      | Reached XP level 1. HP: 13/13 MP: 3/3
   363 | D:1      | Reached skill level 1 in Fighting
   638 | D:1      | Reached XP level 2. HP: 19/21 MP: 3/5
  1241 | D:1      | Reached XP level 3. HP: 28/28 MP: 6/6
  1246 | D:1      | Learned a level 3 spell: Confuse
  1889 | D:2      | Reached XP level 4. HP: 14/35 MP: 5/7
  2301 | D:2      | Reached skill level 1 in Armour
  2429 | D:3      | Noticed Jessica
  2472 | D:3      | Reached skill level 4 in Stealth
  2548 | D:3      | Noticed Ijyb
  3097 | D:3      | Slain by an orc wizard

Skill      XL: |  1  2  3  4 |
---------------+-------------+-----
Fighting       | 1 2 3 |  3.0
Dodging        | 2 |  2.0
Armour         | 2 |  2.3
Stealth        | 4 |  4.1
Short Blades   | |  1.0
Spellcasting   | |  2.1
Hexes          | |  3.6

Action                   |  1- 3 |  4- 6 || total
-------------------------+-------+-------++-------
Melee: Dagger            |   106 |    48 ||   154
       Short sword       |    26 |    66 ||    92
 Cast: Corona            |    21 |    20 ||    41
 Abil: Dig               |     1 |     4 ||     5
 Stab: Sleeping          |     2 |     1 ||     3
       Distracted        |       |     1 ||     1
  Eat: Chunk             |     3 |     5 ||     8
Armor: Robe              |     5 |       ||     5
       Ring mail         |    54 |    61 ||   115
Dodge: Dodged            |    56 |    72 ||   128
